 Dungeon Crawl Stone Soup version 0.22.1-2-g9c5b331383 (webtiles) character file.

514 Bapho the Ruffian (level 7, 0/68 HPs)
             Began as a Troll Monk on Dec 16, 2018.
             Was a Believer of Ru.
             Slain by zuik's ghost (8 damage)
             ... on level 3 of the Dungeon.
             The game lasted 00:06:48 (3069 turns).

Bapho the Ruffian (Troll Monk)                      Turns: 3069, Time: 00:06:49

Health: 0/68       AC:  5    Str: 27    XL:     7   Next: 0%
Magic:  6/6        EV:  6    Int:  6    God:    Ru [**....]
Gold:   105        SH: 14    Dex: 12    Spells: 6/6 levels left

rFire    . . .     SeeInvis .     - Unarmed
rCold    . . .     Gourm    +   j - +0 large shield
rNeg     . . .     Faith    .   a - +0 robe
rPois    .         Spirit   .   (helmet restricted)
rElec    .         Reflect  .   (no cloak)
rCorr    .         Harm     .   (gloves unavailable)
MR       .....                  (boots unavailable)
Stlth    ++........             (no amulet)
HPRegen  0.61/turn              e - ring of wizardry
MPRegen  0.10/turn              (no ring)

@: mighty, lethally poisoned (0 -> -1), hasted, very quick
A: large, unfitting armour, claws 3, fast metabolism 3, gourmand, regeneration
1, shaggy fur 1, tough skin 2, hated by all, no charms magic, no hexes magic, no
ice magic
a: Renounce Religion


You were on level 3 of the Dungeon.
You worshipped Ru.
Ru was pleased with you.
You were very full.

You visited 1 branch of the dungeon, and saw 4 of its levels.

You collected 105 gold pieces.

Inventory:

Missiles
 c - 34 stones (quivered)
Armour
 a - a +0 robe (worn)
 j - a +0 large shield (worn)
Jewellery
 e - a ring of wizardry (left claw)
 t - an uncursed amulet of harm {unknown}
Scrolls
 d - a scroll of enchant weapon {unknown}
 h - a scroll of teleportation {unknown}
 i - 2 scrolls of amnesia {unknown}
 k - 2 scrolls of identify
 o - 3 scrolls of fear {unknown}
 p - 3 scrolls of enchant armour {unknown}
 r - a scroll of noise {unknown}
Potions
 f - a potion of mutation
 g - 2 potions of heal wounds {unknown}
 m - 4 potions of agility
 n - a potion of flight {unknown}
 q - 2 potions of haste
 s - 3 potions of brilliance
Comestibles
 b - 9 rations


   Skills:
 + Level 3.6 Fighting
 - Level 2.4 Dodging
 + Level 2.2 Stealth
 + Level 1.8 Shields
 * Level 5.7 Unarmed Combat


You had 6 spell levels left.
You didn't know any spells.
Your spell library was empty.

Dungeon Overview and Level Annotations

Branches:
Dungeon (4/15)
 Temple: D:4-7

Altars:
Cheibriados
Kikubaaqudgha
Ru
Uskayaw

Annotations:
D:3 Pepega's ghost, amateur SpAs; zuik's ghost, amateur HOFi


Innate Abilities, Weirdness & Mutations

You are too large for most types of armour.
You have claws for hands.
Your metabolism is lightning-fast.
You like to eat raw meat.
Your natural rate of healing is unusually fast.
You are covered in fur. (AC +1)
You have very tough skin. (AC +2)
You are hated by all.
You cannot study or cast Charms magic.
You cannot study or cast Hexes magic.
You cannot study or cast Ice magic.


Message History

Pepega's ghost hits zuik's ghost.
You completely miss Pepega's ghost.
Pepega's ghost is almost destroyed.
Zuik's ghost hits you but does no damage.
You barely miss Pepega's ghost.
Pepega's ghost is almost destroyed.
You block Pepega's ghost's attack.
You miss Pepega's ghost.
Pepega's ghost is almost destroyed.
You block zuik's ghost's attack.
Pepega's ghost hits you but does no damage.
You barely miss Pepega's ghost.
Pepega's ghost is almost destroyed.
Zuik's ghost hits you!
* * * LOW HITPOINT WARNING * * *
You block Pepega's ghost's attack.
You completely miss Pepega's ghost.
Pepega's ghost is almost destroyed.
Zuik's ghost hits you!
You die...

##### #.......#...........##.#
#...# #.......#.........#.##.#
#...# #....._.#.........#.##.#
###...# #..^....#.........#.##.#
.##...# #.......#.........#.##.#
.##...# #.......#.........#.##.#
.##...###.########.####.#.#.##.#
.#.................# #.#.#....#
...............W@#### #.#.######
.#....##.####...W...# #.#.#
.......#.# ###'''### #.#.#
.#..(..#.# #$.......!##...#
.#.###.#.# #8.......8###### .#.#
#.#.# #?.......$# .#.# #.#.#
#...?...)[# [#.# #.#.#
##8.....8## .#.#
#.#.#####(P⌠P.##


You could see Pepega's ghost and zuik's ghost.

Vanquished Creatures
  The ghost of Jerry the Magician, a novice DEFE (D:4)
  The ghost of DildoBatman the Conjurer, an amateur FoWz (D:4)
  An orc priest (D:3)
  Jessica (D:2)
  Terence (D:2)
  An orc wizard (D:3)
  4 gnolls (D:3)
  An ooze (D:1)
  2 worms (D:3)
  2 dart slugs
  A leopard gecko (D:1)
  3 orcs (D:3)
  7 giant cockroaches
  7 goblins
  6 hobgoblins
  A quokka (D:2)
  6 bats
  4 frilled lizards
  7 kobolds
  8 rats
65 creatures vanquished.

Vanquished Creatures (others)
  A worm (D:3)
1 creature vanquished.

Grand Total: 66 creatures vanquished

Notes
Turn   | Place    | Note
-------+----------+-------------------------------------------
     0 | D:1      | Bapho the Troll Monk began the quest for the Orb.
     0 | D:1      | Reached XP level 1. HP: 22/22 MP: 0/0
   149 | D:1      | Reached XP level 2. HP: 29/29 MP: 1/1
   847 | D:1      | Reached XP level 3. HP: 36/36 MP: 2/2
  1091 | D:2      | Noticed Terence
  1097 | D:2      | Noticed Jessica
  1101 | D:2      | Killed Terence
  1101 | D:2      | Reached skill level 4 in Unarmed Combat
  1103 | D:2      | Killed Jessica
  1103 | D:2      | Reached XP level 4. HP: 44/44 MP: 3/3
  1104 | D:2      | Found an ancient bone altar of Kikubaaqudgha.
  1138 | D:2      | Found a sacrificial altar of Ru.
  1214 | D:2      | Became a worshipper of Ru the Awakened
  1223 | D:2      | Gained mutation: You cannot study or cast Ice magic. [Ru
                  | sacrifice]
  1223 | D:2      | Gained mutation: You cannot study or cast Hexes magic. [Ru
                  | sacrifice]
  1223 | D:2      | Gained mutation: You cannot study or cast Charms magic. [Ru
                  | sacrifice]
  1223 | D:2      | Reached * piety under Ru
  1397 | D:2      | Found a faded altar of an unknown god.
  1540 | D:2      | Found a hide-covered altar of Uskayaw.
  2112 | D:3      | Found a runed gate.
  2112 | D:3      | Noticed Jerry's ghost (novice DEFE)
  2113 | D:3      | Noticed Pepega's ghost (amateur SpAs)
  2114 | D:3      | Found a runed gate.
  2115 | D:3      | Found a runed gate.
  2116 | D:3      | Noticed DildoBatman's ghost (amateur FoWz)
  2117 | D:3      | Noticed zuik's ghost (amateur HOFi)
  2128 | D:3      | Found a snail-covered altar of Cheibriados.
  2244 | D:3      | Reached XP level 5. HP: 40/53 MP: 4/4
  2473 | D:3      | Reached skill level 1 in Shields
  2845 | D:3      | Gained mutation: You are hated by all. [Ru sacrifice]
  2845 | D:3      | Reached ** piety under Ru
  3023 | D:4      | Killed Jerry's ghost
  3023 | D:4      | Reached skill level 5 in Unarmed Combat
  3023 | D:4      | Reached XP level 6. HP: 39/61 MP: 5/5
  3025 | D:4      | Killed DildoBatman's ghost
  3025 | D:4      | Reached XP level 7. HP: 41/68 MP: 6/6
  3069 | D:3      | Slain by zuik's ghost

Skill      XL: |  1  2  3  4  5 |
---------------+----------------+-----
Unarmed Combat | 4 5 |  5.7
Fighting       | 3 |  3.6
Shields        | 1 |  1.8
Stealth        | 2 |  2.2
Dodging        | |  2.4

Action                   |  1- 3 |  4- 6 |  7- 9 || total
-------------------------+-------+-------+-------++-------
Melee: Unarmed           |    61 |    93 |    42 ||   196
       Punch             |     1 |       |       ||     1
Throw: Stone             |    61 |   113 |       ||   174
Invok: Sacrifice Arcana  |       |     1 |       ||     1
       Sacrifice Love    |       |     1 |       ||     1
  Use: Scroll            |       |     4 |       ||     4
       Potion            |       |     2 |       ||     2
 Stab: Sleeping          |     1 |       |       ||     1
  Eat: Chunk             |    15 |    17 |       ||    32
Armor: Robe              |    20 |    18 |    12 ||    50
Dodge: Dodged            |    14 |    13 |    12 ||    39
Block: Large shield      |    18 |    53 |    22 ||    93
